Map: Para Site LE

Players

Lambo - Winner!

  • Race: Zerg Zerg
  • League: Grandmaster
  • Spawn Location: 11:00

InZaNe

  • Race: Terran Terran
  • League: Grandmaster
  • Spawn Location: 5:00

VOD

Have the link to the VOD?

Description

Time

  • Played on: Dec. 28, 2018, 2:32 p.m.
  • Length: 18:24
Show
View Real Time Build Order
Export as new Build Order

Lambo Zerg - Winner!

Build Orders: Hatch First, Brood Lord Corruptor 

Get SALT Encoding   

  12  0:00  Drone  
  13  0:13  Overlord  
  13  0:17  Drone  
  14  0:32  Drone x2  
  16  0:49  Hatchery  
  15  0:52  Drone  
  15  0:56  Drone  
  17  0:59  Drone  
  18  1:10  Extractor  
  17  1:13  Spawning Pool  
  17  1:17  Drone  
  17  1:19  Drone  
  18  1:29  Drone  
  19  1:41  Drone  
  20  1:54  Overlord  
  20  2:01  Queen x2  
  22  2:02  Zergling x4  
  26  2:09  Metabolic Boost  
  26  2:11  Drone  
  26  2:13  Drone  
  28  2:23  Drone x2  
  30  2:39  Hatchery  
  29  2:45  Drone  
  29  2:48  Pneumatized Carapace  
  31  2:51  Drone  
  31  2:52  Overlord  
  31  2:56  Drone  
  32  2:59  Drone  
  32  3:02  Drone  
  34  3:08  Drone x2  
  34  3:12  Drone x2  
  38  3:13  Drone  
  38  3:16  Overlord  
  39  3:21  Queen  
  39  3:25  Drone  
  42  3:28  Drone  
  43  3:35  Drone  
  43  3:36  Queen  
  46  3:42  Drone x3  
  49  3:49  Overlord  
  49  3:51  Drone x2  
  51  3:57  Drone  
  51  4:01  Overlord, Queen  
  51  4:02  Queen  
  56  4:04  Overlord  
  56  4:05  Drone  
  56  4:08  Overlord  
  56  4:09  Drone  
  58  4:13  Overlord  
  58  4:16  Zergling x4  
  60  4:20  Zergling x4  
  60  4:23  Overlord  
  61  4:29  Roach Warren, Drone  
  61  4:30  Drone  
  62  4:32  Drone x2  
  62  4:33  Drone  
  62  4:35  Drone x2  
  67  4:44  Drone x3  
  67  4:45  Lair  
  70  4:47  Drone  
  70  4:48  Drone  
  70  4:50  Drone  
  70  4:52  Spore Crawler  
  72  4:53  Extractor  
  72  4:54  Extractor  
  72  4:58  Drone x3  
  72  4:59  Queen  
  75  5:06  Queen  
  77  5:08  Spore Crawler  
  77  5:09  Spore Crawler, Drone  
  77  5:11  Drone x3  
  77  5:12  Drone  
  80  5:15  Overlord  
  80  5:17  Overlord  
  80  5:21  Drone x3  
  83  5:23  Roach x2  
  83  5:26  Overlord  
  87  5:30  Roach x2  
  87  5:34  Roach  
  93  5:38  Extractor  
  93  5:40  Drone x3  
  93  5:42  Evolution Chamber  
  91  5:44  Drone  
  94  5:52  Drone x5  
  96  5:57  Roach  
  97  6:07  Drone x4  
  97  6:10  Drone x2  
  98  6:12  Drone  
  98  6:13  Drone  
  98  6:15  Drone  
  98  6:16  Zerg Missile Weapons Level 1  
  98  6:20  Drone x4  
  98  6:23  Evolution Chamber, Glial Reconstitution  
  101  6:26  Queen, Drone x2  
  101  6:32  Extractor x2, Spire, Drone  
  103  6:33  Drone x2  
  103  6:35  Drone  
  106  6:42  Hatchery, Drone x2  
  107  6:47  Spore Crawler  
  107  6:51  Roach x2  
  110  7:06  Zerg Ground Armor Level 1  
  110  7:07  Infestation Pit  
  109  7:10  Overlord, Drone x5  
  109  7:12  Overlord  
  109  7:13  Overlord  
  109  7:15  Overlord, Overseer  
  114  7:19  Spore Crawler  
  114  7:20  Overlord  
  114  7:22  Overlord  
  113  7:29  Drone x4  
  116  7:31  Overlord, Extractor  
  116  7:33  Extractor  
  116  7:37  Roach x5  
  122  7:43  Hatchery  
  123  7:47  Hive  
  123  7:48  Zerg Flyer Armor Level 1  
  114  7:59  Drone x9  
  114  8:01  Corruptor x4  
  114  8:04  Corruptor  
  133  8:09  Corruptor  
  135  8:17  Corruptor x2  
  139  8:22  Zerg Missile Weapons Level 2  
  139  8:28  Corruptor  
  139  8:33  Drone x5  
  140  8:36  Corruptor  
  140  8:37  Corruptor  
  144  9:01  Extractor  
  142  9:05  Overlord, Extractor  
  142  9:06  Drone x3  
  142  9:07  Drone x3  
  147  9:14  Corruptor x2  
  151  9:26  Spine Crawler x2, Drone x2  
  151  9:27  Drone  
  152  9:34  Pathogen Glands  
  152  9:35  Spine Crawler  
  152  9:38  Overlord x2  
  151  9:44  Roach, Zergling x32  
  168  9:57  Corruptor x2  
  172  10:00  Infestor x3  
  172  10:01  Infestor  
  172  10:02  Overlord  
  172  10:06  Overlord  
  180  10:07  Overlord  
  180  10:09  Overlord  
  180  10:10  Overlord  
  178  10:18  Greater Spire  
  178  10:20  Spire  
  175  10:25  Zerg Melee Weapons Level 1  
  175  10:31  Neural Parasite  
  175  10:33  Drone x3  
  175  10:35  Spine Crawler  
  177  10:36  Drone  
  177  10:37  Spine Crawler  
  177  10:43  Drone x2  
  179  10:51  Overseer x2  
  179  10:56  Hatchery  
  179  10:57  Corruptor  
  175  11:18  Zerg Missile Weapons Level 3  
  161  11:34  Brood Lord x6  
  161  11:35  Brood Lord x2  
  161  11:36  Brood Lord x2  
  161  11:38  Brood Lord  
  183  11:41  Viper x3  
  183  11:43  Extractor  
  183  11:46  Extractor  
  190  11:49  Spine Crawler, Drone x2  
  190  11:50  Drone x4  
  195  11:58  Infestor x2  
  195  12:00  Adrenal Glands  
  198  12:03  Zerg Flyer Weapons Level 1, Zerg Flyer Armor Level 2  
  198  12:07  Infestor  
  198  12:11  Spine Crawler x2  
  198  12:12  Spore Crawler, Spine Crawler  
  194  12:20  Drone  
  195  12:28  Zerg Melee Weapons Level 2  
  195  12:31  Infestor  
  195  12:32  Infestor  
  197  12:48  Overseer x2  
  197  12:49  Overseer  
  197  12:51  Drone x3  
  200  12:55  Baneling Nest  
  200  12:58  Burrow  
  194  13:21  Infestor x2  
  186  13:45  Corruptor x8  
  186  13:47  Infestor x2  
  191  13:57  Zergling x18  
  191  13:58  Overlord x2  
  200  14:12  Overseer  
  200  14:17  Overlord  
  200  14:18  Overlord  
  200  14:23  Centrifical Hooks  
  200  14:27  Baneling x18  
  200  14:37  Overseer x3  
  200  14:40  Overseer x2  
  200  14:41  Overlord x2  
  200  14:58  Spore Crawler x2  
  200  14:59  Spine Crawler  
  197  15:03  Spore Crawler  
  197  15:04  Spore Crawler  
  173  15:24  Infestor x2  
  173  15:25  Infestor  
  173  15:28  Brood Lord x5  
  187  15:31  Zergling x6  
  187  15:34  Brood Lord x2  
  194  15:39  Zergling x16  
  200  15:46  Overseer x2  
  200  15:58  Baneling x22  
  180  16:42  Brood Lord x2, Corruptor x8  
  200  16:49  Overseer  
  198  16:56  Zergling x6  
  199  17:18  Overseer  
  197  17:40  Zergling x20  
  197  17:41  Corruptor  
  197  17:42  Corruptor x2  
  194  17:48  Unknown x2  
  194  17:51  Overseer  
  190  17:53  Corruptor x7  
  199  18:05  Baneling x13  
Show
View Real Time Build Order
Export as new Build Order

InZaNe Terran 

Build Orders: Hellion Opening, Reaper Expand, Mech 

Get SALT Encoding   

  12  0:00  SCV  
  13  0:13  SCV  
  14  0:16  Supply Depot  
  14  0:25  SCV  
  15  0:38  SCV  
  15  0:40  Barracks  
  16  0:45  Refinery  
  16  0:50  SCV  
  17  1:02  SCV  
  18  1:14  SCV  
  19  1:27  Orbital Command  
  19  1:28  Reaper  
  20  1:38  Command Center  
  20  1:46  Supply Depot  
  20  1:52  SCV  
  21  2:00  Marine  
  22  2:04  SCV  
  22  2:06  Factory  
  23  2:11  Refinery  
  23  2:16  SCV  
  23  2:22  Barracks Reactor  
  24  2:29  SCV  
  25  2:41  SCV  
  26  2:51  Orbital Command, Starport  
  26  2:53  SCV  
  27  3:03  Hellion x2  
  31  3:06  Barracks Tech Lab, SCV  
  32  3:17  SCV  
  32  3:18  SCV  
  34  3:23  Supply Depot  
  34  3:25  Hellion x2  
  38  3:29  SCV  
  38  3:30  SCV  
  38  3:33  Fusion Core  
  40  3:37  Barracks Tech Lab  
  40  3:41  Viking  
  42  3:44  Refinery  
  42  3:45  SCV x2  
  44  3:54  Hellion  
  46  3:56  Hellion  
  46  3:57  SCV  
  46  3:58  Supply Depot  
  46  3:59  SCV  
  50  4:09  SCV  
  51  4:11  SCV  
  52  4:21  SCV  
  52  4:23  SCV  
  54  4:29  Battlecruiser  
  60  4:33  SCV  
  60  4:37  SCV, Supply Depot  
  62  4:44  Command Center  
  62  4:52  Weapon Refit  
  62  4:56  Supply Depot  
  62  4:59  SCV x2, Hellion x2  
  68  5:11  SCV x2  
  68  5:12  Refinery  
  70  5:22  Hellion x2  
  70  5:23  SCV x2  
  76  5:35  SCV x2  
  78  5:45  Supply Depot  
  78  5:51  Supply Depot  
  78  5:55  SCV x2, Battlecruiser  
  78  5:56  Hellion x2  
  90  6:06  SCV  
  90  6:07  Factory  
  90  6:09  Factory  
  85  6:14  SCV x2  
  80  6:19  Orbital Command  
  80  6:22  Armory  
  80  6:30  Siege Tank  
  80  6:31  Barracks Tech Lab  
  80  6:32  Barracks Reactor  
  83  6:34  SCV  
  83  6:35  SCV  
  83  6:36  Factory x2  
  85  6:42  Orbital Command  
  85  6:46  SCV  
  86  6:47  SCV  
  86  6:49  Command Center  
  86  6:53  Supply Depot x2  
  87  6:59  SCV x2  
  87  7:01  Refinery  
  89  7:02  Siege Tank  
  89  7:04  Refinery  
  92  7:08  Factory Tech Lab  
  92  7:09  SCV  
  92  7:11  SCV x2, Hellion x2  
  99  7:21  SCV  
  100  7:23  SCV x2  
  100  7:25  Factory Tech Lab x2  
  102  7:30  Siege Tank  
  102  7:34  Cyclone  
  102  7:35  Hellion  
  102  7:36  SCV, Hellion  
  113  7:38  SCV x2  
  115  7:44  Supply Depot  
  115  7:46  Supply Depot x2  
  115  7:47  Supply Depot, Siege Tank x2, Engineering Bay  
  111  7:59  Hellion x2  
  111  8:00  Battlecruiser  
  119  8:05  Cyclone  
  119  8:06  Supply Depot  
  125  8:12  Cyclone  
  125  8:19  Cyclone  
  128  8:24  Missile Turret  
  128  8:25  Missile Turret  
  128  8:27  Missile Turret  
  128  8:28  Missile Turret  
  128  8:29  Cyclone  
  128  8:32  Missile Turret  
  127  8:34  Hellion  
  127  8:35  Hellion  
  127  8:38  SCV x2, Cyclone  
  127  8:41  SCV  
  133  8:47  Cyclone  
  133  8:48  Missile Turret  
  136  8:50  SCV  
  136  8:51  Planetary Fortress  
  136  8:52  SCV  
  136  8:55  SCV  
  139  9:02  SCV  
  143  9:04  Refinery, SCV  
  143  9:06  Refinery  
  143  9:07  SCV  
  145  9:11  Missile Turret  
  145  9:13  Hellion, Cyclone  
  145  9:14  Hellion  
  149  9:17  Terran Vehicle And Ship Armor Level 1  
  149  9:19  Armory, SCV x2  
  151  9:27  Hellion x2  
  155  9:35  Cyclone x2  
  161  9:40  Factory  
  161  9:41  Factory  
  161  9:44  Infernal Pre-Igniter  
  161  9:49  Cyclone  
  161  9:51  Hellion x2  
  168  9:58  Missile Turret  
  168  9:59  Battlecruiser  
  174  10:00  Missile Turret  
  174  10:13  Cyclone x2  
  178  10:14  Hellion  
  178  10:17  Hellion x3  
  168  10:22  Terran Vehicle Weapons Level 1  
  168  10:26  Siege Tank  
  168  10:27  Factory Tech Lab  
  168  10:28  Factory Tech Lab  
  171  10:34  Command Center  
  171  10:35  Ghost Academy  
  171  10:38  Barracks  
  171  10:39  Barracks Tech Lab  
  171  10:40  Barracks  
  171  10:43  Barracks  
  171  10:52  Siege Tank  
  171  10:53  Siege Tank  
  169  11:18  Smart Servos  
  163  11:21  Mag-Field Accelerator  
  161  11:28  Barracks Tech Lab  
  161  11:29  Personal Cloaking, Barracks Tech Lab  
  149  11:39  Sensor Tower  
  149  11:41  Ghost  
  149  11:43  Barracks Tech Lab  
  149  11:44  Missile Turret  
  151  11:47  Missile Turret  
  151  11:51  Ghost x2  
  151  11:53  Hellion x5  
  165  12:07  Planetary Fortress  
  165  12:10  Ghost  
  165  12:14  Command Center  
  167  12:15  Ghost  
  167  12:17  Command Center  
  169  12:26  Ghost  
  169  12:27  Ghost  
  171  12:38  Terran Vehicle Weapons Level 2, Terran Vehicle And Ship Armor Level 2  
  171  12:44  Hi-Sec Auto Tracking  
  169  12:47  Ghost x2  
  169  12:48  Starport Reactor  
  173  12:55  Ghost x2  
  177  13:08  Hellion x3  
  177  13:09  Hellion  
  185  13:16  Ghost  
  185  13:18  Ghost  
  189  13:20  Refinery  
  189  13:23  Ghost  
  189  13:24  Refinery  
  189  13:26  Missile Turret  
  191  13:27  Sensor Tower  
  191  13:41  Neosteel Armor  
  182  13:44  Siege Tank  
  182  13:46  Medivac x2  
  186  13:51  Orbital Command  
  186  13:53  Starport x2  
  180  13:59  Ghost x3  
  186  14:04  Nuke  
  186  14:29  Command Center  
  186  14:33  Command Center x2  
  186  14:36  Starport  
  186  14:37  Starport  
  186  14:39  Starport  
  186  14:48  Viking x2  
  186  14:50  Starport Reactor x2  
  190  14:54  Terran Ship Weapons Level 1  
  182  15:27  Viking x6  
  191  15:32  Terran Vehicle Weapons Level 3  
  179  15:47  Orbital Command x2  
  179  15:54  Missile Turret  
  179  15:57  Viking x4, Missile Turret, Medivac x2  
  179  15:59  Missile Turret  
  191  16:16  Missile Turret x2  
  191  16:24  Ghost x3  
  188  16:33  Ghost  
  188  16:35  Siege Tank x2  
  188  16:39  Hellion x2  
  200  16:41  Planetary Fortress  
  200  16:46  Missile Turret x2  
  192  16:48  Missile Turret  
  192  16:53  Planetary Fortress  
  188  16:55  Refinery  
  188  16:56  Refinery  
  188  16:57  Siege Tank x2  
  188  16:58  Hellion, Siege Tank  
  199  17:07  Hellion x3  
  181  17:19  Siege Tank x2  
  176  17:23  Viking x4  
  176  17:29  Siege Tank  
  152  17:47  Viking x2  
  152  17:50  Marine x2  
  152  17:51  Marauder x2  
  124  17:53  Viking  
Tags
 
Add a new tag
Caveats
  • Supply blocks, unpowered buildings, or Contaminate may cause inaccurate times.
  • Supply counts are checked every 10 seconds.